 Dungeon Crawl Stone Soup version 0.15.0-13-gb296d5c (webtiles) character file.

3841 CrazyArbalest the Quickloader (level 9, -4/66 HPs)
             Began as a Demonspawn Hunter on Sept 2, 2014.
             Was a Follower of Okawaru.
             Killed by divine providence
             ... invoked by an orc priest
              (12 damage)
             ... on Level 8 of the Dungeon.
             The game lasted 01:45:44 (10754 turns).

CrazyArbalest the Quickloader (Demonspawn Hunter)  Turns: 10754, Time: 01:45:45

HP  -4/66        AC 12     Str 15      XL: 9   Next: 98%
MP   0/11        EV 17     Int 12      God: Okawaru [*.....]
Gold 416         SH  0     Dex 18      Spells:  0 memorised,  8 levels left

rFire  . . .     SeeInvis .     Y - +1 mace (freeze)
rCold  . . .     Clarity  .     O - +2 ring mail {rN+}
rNeg   + . .     rCorr    .     (no shield)
rPois  .         rRot     .     (no helmet)
rElec  .         Spirit   +     s - +0 cloak
SustAb .         Warding  .     n - +0 pair of gloves
rMut   .         Stasis   .     (no boots)
Gourm  .                        r - amulet of rage
MR     .....                    u - +3 ring of strength
                                p - ring of wizardry

@: lethally poisoned, about to teleport, heroism, not resistant to hostile
enchantments, fairly stealthy
A: talons 1, powered by death 2, magic shield
a: Heroism, Renounce Religion, Evoke Berserk Rage


You were on level 8 of the Dungeon.
You worshipped Okawaru.
Okawaru was aware of your devotion.
You were near starving.

You visited 2 branches of the dungeon, and saw 9 of its levels.
You also visited: Ossuary.

You collected 691 gold pieces.
You spent 275 gold pieces at shops.

Inventory:

Hand weapons
 a - a +0 flail
 b - a +1 hand crossbow
 J - a cursed +0 mace
 Y - a +1 mace of freezing (weapon)
Missiles
 E - 37 bolts
 T - 3 bolts of frost
Armour
 n - a +0 pair of gloves (worn)
 s - a +0 cloak (worn)
 O - a +2 ring mail of positive energy (worn)
 X - a cursed +0 robe
Magical devices
 c - a wand of confusion (17)
 v - a wand of magic darts (3)
 C - a wand of confusion (4)
 L - a wand of confusion (0)
Comestibles
 f - 9 bread rations
 h - 3 beef jerkies
 l - 6 meat rations
 t - 3 royal jellies
 W - 5 fruits
Scrolls
 d - 6 scrolls of identify
 g - 4 scrolls of blinking
 i - 2 scrolls of enchant armour {unknown}
 j - a scroll of brand weapon {unknown}
 m - 3 scrolls of remove curse
 o - 4 scrolls of magic mapping
 q - 3 scrolls of amnesia
 w - a scroll of noise {unknown}
 y - 5 scrolls of recharging {unknown}
 z - a scroll of fog {unknown}
 A - a scroll of fear {unknown}
 B - a scroll of random uselessness
 M - a scroll of immolation {unknown}
Jewellery
 p - a ring of wizardry (left hand)
 r - an amulet of rage (around neck)
 u - a +3 ring of strength (right hand)
Potions
 e - a potion of beneficial mutation {unknown}
 x - 2 potions of restore abilities {unknown}
 D - a potion of cancellation {unknown}
 F - 2 potions of agility
 H - a potion of magic {unknown}
 I - 2 potions of poison {unknown}
 K - a potion of resistance {unknown}
 N - 2 potions of might {unknown}
 P - 3 potions of flight {unknown}
 Q - 2 potions of confusion {unknown}
 R - a potion of berserk rage {unknown}
 S - 3 potions of heal wounds {unknown}
 V - a potion of mutation {unknown}
Books
 U - a book of Death

   Spells                             Type                      Level
   Corpse Rot                         Necromancy                   2
   Sublimation of Blood               Necromancy                   2
   Agony                              Necromancy                   5
   Dispel Undead                      Necromancy                   5
   Excruciating Wounds                Charms/Necromancy            5
   Bolt of Draining                   Conjuration/Necromancy       5


   Skills:
 + Level 4.4(9.4) Fighting
 * Level 6.1(11.1) Maces & Flails
 * Level 8.0(13.0) Crossbows
 + Level 4.8(9.8) Armour
 + Level 5.6(10.6) Dodging
 + Level 2.9(7.9) Stealth
 + Level 1.8 Evocations


You had 8 spell levels left.
You didn't know any spells.

Dungeon Overview and Level Annotations

Branches:
Dungeon (8/15)             Temple (1/1) D:7
   Lair: D:8-11

Altars:
Ashenzari
Cheibriados
Dithmenos
Elyvilon
Fedhas
Kikubaaqudgha
Makhleb
Nemelex Xobeh
Okawaru
Qazlal
Sif Muna
Trog
Vehumet
Xom
Yredelemnul
Zin
The Shining One

Shops:
D:4 *   D:5 (   D:7 *


Innate Abilities, Weirdness & Mutations

You have sharp toenails.
You can steal the life force of defeated enemies.
When hurt, damage is shared between your health and your magic reserves.


Message History

You feel a wave of unholy energy pass over you.
Read which item? (? for menu, Esc to quit)
As you read the scroll of teleportation, it crumbles to dust.
You feel strangely unstable.
The orc priest invokes the aid of Beogh against you.
Something smites you!
* * * LOW HITPOINT WARNING * * *
Drink which item? (? for menu, Esc to quit)
Okay, then.
Unknown command.
The orc priest utters an invocation to Beogh.
You feel troubled.
The orc priest mumbles some strange prayers to Beogh.
You feel a wave of unholy energy pass over you.
Something hits you but does no damage.
You are poisoned.
You closely miss something. You claw something.
You feel sick.
The orc priest mumbles some strange prayers to Beogh against you.
Something smites you!
You die...

#####.####....#...#.#.
#...#.................
#...#...###.##.####...
#...#...# #.......'...
#...#...###..#.####...
#...#.>.......).......
#...#o#.#.#..#.####...
#...#o#.#.#..#.##.....
#...#@#.#.#.##.##.....
#...#.#........##.....
#.....o...........#...
#.................#...
#........o........#...
#..............####...
#..............#....##
###...#...#....#....##
#...#...#....#......


You could see an orc warrior and 2 orc priests.

Vanquished Creatures
  Grinder (D:5)
  A spriggan (D:7)
  A hippogriff (D:8)
  A black bear (D:6)
  3 phantoms
  3 sky beasts
  2 centaurs (D:6)
  A necrophage (D:8)
  A manticore skeleton (D:8)
  2 ogres
  3 ice beasts
  3 big kobolds (D:3)
  2 giant frogs
  A gnoll sergeant (D:8)
  A jelly (D:6)
  9 wights (D:7)
  3 crimson imps
  A centaur skeleton (D:6)
  2 goliath beetles (D:7)
  3 hounds
  2 orc priests
  4 orc wizards
  A quasit (D:5)
  An iguana (D:6)
  A crocodile zombie (D:5)
  6 worker ants
  A big kobold skeleton (D:6)
  A hound skeleton (D:4)
  9 mummies
  8 gnolls
  5 adders
  A scorpion zombie (D:4)
  6 worms
  5 giant geckos
  24 orcs
  3 ball pythons
  12 bats
  A bat zombie (D:6)
  2 gnoll zombies (Ossuary)
  13 goblins
  10 hobgoblins
  16 jackals
  2 quokkas
  7 giant cockroaches
  4 giant newts
  A giant newt skeleton (D:4)
  2 goblin zombies (D:8)
  A hobgoblin skeleton (D:6)
  4 hobgoblin zombies
  55 kobolds
  A kobold skeleton (D:7)
  3 kobold zombies (Ossuary)
  An orc skeleton (D:4)
  9 rats
  A rat skeleton (D:4)
267 creatures vanquished.

Notes
Turn   | Place    | Note
--------------------------------------------------------------
     0 | D:1      | CrazyArbalest, the Demonspawn Hunter, began the quest for the Orb.
     0 | D:1      | Reached XP level 1. HP: 15/15 MP: 1/1
   171 | D:1      | Reached skill level 4 in Crossbows
   171 | D:1      | Gained mutation: You can steal the life force of nearby defeated enemies. [demonic ancestry]
   171 | D:1      | Reached XP level 2. HP: 19/21 MP: 2/2
   735 | D:2      | Reached XP level 3. HP: 26/26 MP: 3/3
   861 | D:2      | Reached skill level 1 in Stealth
  1047 | D:2      | Found a radiant altar of Vehumet.
  1186 | D:2      | Reached skill level 1 in Maces & Flails
  1186 | D:2      | Gained mutation: You can steal the life force of defeated enemies. [demonic ancestry]
  1186 | D:2      | Reached XP level 4. HP: 8/32 MP: 4/4
  1838 | D:3      | Found a glowing golden altar of the Shining One.
  2244 | D:3      | Reached skill level 1 in Armour
  2366 | D:3      | Reached XP level 5. HP: 27/37 MP: 5/5
  2650 | D:3      | Noticed a phantom
  2888 | D:4      | Found Ycag's Elemental Accessories.
  3167 | D:4      | Reached skill level 5 in Crossbows
  3325 | D:4      | Reached XP level 6. HP: 33/43 MP: 4/6
  4102 | D:5      | Entered Level 5 of the Dungeon
  4446 | D:5      | Gained mutation: When hurt, damage is shared between your health and your magic reserves. [demonic ancestry]
  4446 | D:5      | Reached XP level 7. HP: 48/48 MP: 7/7
  4699 | D:5      | Found Sohasad's Antique Weapon Boutique.
  4705 | D:5      | Found a shadowy altar of Dithmenos.
  5033 | D:5      | Noticed Grinder
  5035 | D:5      | Paralysed by Grinder for 4 turns
  5042 | D:5      | Paralysed by Grinder for 5 turns
  5054 | D:5      | Killed Grinder
  5054 | D:5      | Reached skill level 6 in Crossbows
  5309 | D:6      | Reached XP level 8. HP: 53/56 MP: 8/8
  6267 | D:6      | HP: 1/58 [centaur skeleton (5)]
  6540 | D:6      | Reached skill level 7 in Crossbows
  6670 | D:7      | Found a staircase to the Ecumenical Temple.
  6696 | D:7      | Upgraded the game from 0.15.0-12-gccce430 to 0.15.0-13-gb296d5c
  6923 | Temple   | Entered the Ecumenical Temple
  6944 | Temple   | Became a worshipper of Warmaster Okawaru
  6984 | D:8      | Gained mutation: You have sharp toenails. [demonic ancestry]
  6984 | D:8      | Reached XP level 9. HP: 28/64 MP: 6/10
  6992 | D:8      | Found a sand-covered staircase.
  7002 | Ossuary  | Entered an ossuary
  7192 | Ossuary  | Reached skill level 5 in Dodging
  7668 | D:8      | Reached skill level 5 in Maces & Flails
  7668 | D:8      | Reached skill level 1 in Evocations
  8208 | D:8      | Found a snail-covered altar of Cheibriados.
  8434 | D:7      | Acquired Okawaru's first power
  8450 | D:7      | Found Lumoucka's Assorted Antiques.
  8458 | D:7      | Bought a fuming blue potion for 27 gold pieces
  8458 | D:7      | Bought 3 scrolls of identify for 186 gold pieces
  8458 | D:7      | Bought a scroll labeled BRUTSE STUISI for 31 gold pieces
  8458 | D:7      | Bought a scroll labeled YWOAX GOOSYCAPS for 31 gold pieces
  9633 | D:4      | Reached skill level 8 in Crossbows
  9869 | D:3      | Killed a phantom
  9982 | D:3      | Noticed a big kobold
  9998 | D:3      | Killed a big kobold
 10279 | D:3      | Noticed a big kobold
 10279 | D:3      | Noticed a big kobold
 10285 | D:3      | Killed a big kobold
 10305 | D:3      | Killed a big kobold
 10754 | D:8      | Killed from afar by an orc priest

Action                   |  1- 3 |  4- 6 |  7- 9 || total
-------------------------+-------+-------+-------++-------
Melee: Club              |   101 |   392 |       ||   493
       Short sword       |     8 |       |       ||     8
       Flail             |       |    31 |   473 ||   504
       Mace              |       |       |   202 ||   202
 Fire: Hand crossbow     |    39 |    61 |    71 ||   171
Invok: Heroism           |       |       |     1 ||     1
Evoke: Wand              |       |       |    31 ||    31
  Use: Potion            |       |     1 |     6 ||     7
       Scroll            |       |     5 |     5 ||    10
 Stab: Sleeping          |     1 |     1 |     2 ||     4
       Confused          |       |       |     5 ||     5
       Distracted        |       |       |     1 ||     1
  Eat: Chunk             |     1 |    11 |    14 ||    26
       Fruit             |       |       |     2 ||     2
       Pizza             |       |       |     2 ||     2
       Beef jerky        |       |       |     1 ||     1
